 Dungeon Crawl Stone Soup version 0.32-a0-868-g153ae1a8d6 (webtiles) character file.

Game seed: 5450904176594338203

144 jasper the Trooper (level 5, 0/42 HPs)
             Began as a Mummy Fighter on Mar 29, 2024.
             Was an Initiate of Makhleb.
             Slain by an iguana (8 damage)
             ... on level 4 of the Dungeon.
             The game lasted 00:04:26 (2477 turns).

jasper the Trooper (Mummy Fighter)                  Turns: 2477, Time: 00:04:26

Health: 0/42       AC:  7    Str: 22    XL:     5   Next: 5%
Magic:  5/5        EV:  8    Int:  7    God:    Makhleb [......]
Gold:   169        SH:  4    Dex: 11    Spells: 4/4 levels left

rFire   x .          .
                       - Unarmed
rCold   + . .        b - +0 buckler
rNeg    + + +        a - +0 scale mail
rPois   ∞            (no helmet)
rElec   .            e - +0 cloak
rCorr   .            (no gloves)
SInv    .            (no boots)
Will    .....        (no amulet) Stlth
                     (no ring)
HPRegen 0.27/turn    (no ring)
MPRegen 0.09/turn

%: faith
@: no status effects
A: cold resistance 1, negative energy resistance 3, torment resistance 2, heat
vulnerability 1, in touch with death 1, no potions, faith
a: Renounce Religion


You were on level 4 of the Dungeon.
You worshipped Makhleb.
Makhleb was noncommittal.
You visited 1 branch of the dungeon, and saw 4 of its levels.

You collected 169 gold pieces.

Inventory:

Hand Weapons
 i - a +0 sling
Missiles
 d - 32 stones (quivered)
 f - 5 poisoned darts
 k - 6 javelins
Armour
 a - a +0 scale mail (worn)
 b - a +0 buckler (worn)
 e - a +0 cloak (worn)
Talismans
 g - a flux talisman
Wands
 h - a wand of flame (18)
Scrolls
 j - a scroll of enchant weapon
 l - a scroll of vulnerability
 m - a scroll of silence {unknown}


   Skills:
 + Level 3.8 Fighting
 + Level 3.1 Armour
 - Level 2.4 Shields
 * Level 3.2 Unarmed Combat


You had 4 spell levels left.
You didn't know any spells.
Your spell library contained the following spells:

 Spells                   Type           Power      Damage    Failure   Level
 Magic Dart               Conj           0%         1d3       83%         1
 Blink                    Tloc           0%         N/A       92%         2
 Call Imp                 Summ           0%         N/A       92%         2
 Ensorcelled Hibernation  Hex/Ice        0%         N/A       92%         2
 Frozen Ramparts          Ice            0%         1d1       99%         3
 Ozocubu's Armour         Ice            0%         N/A       99%         3
 Passwall                 Erth           0%         N/A       99%         3
 Swiftness                Air            0%         N/A       99%         3
 Metabolic Englaciation   Hex/Ice        0%         N/A       100%        5


Dungeon Overview and Level Annotations

Branches:
Dungeon (4/15)
 Temple: D:4-7

Altars:
Dithmenos
Makhleb
Xom

Annotations:
D:3 1 runed translucent door, Bediveer's ghost, weakling MDFi


Innate Abilities, Weirdness & Mutations

You are immune to poison.
Your flesh is cold resistant. (rC+)
You are immune to negative energy. (rN+++)
You are immune to unholy pain and torment.
You are vulnerable to heat. (rF-)
You are in touch with the powers of death.
You do not drink.
You have a special connection with the divine. (Faith)


Message History

You feel stronger.
You regained 4 hp, and now have 33/42 hp.
MP restored: 5 You hit the iguana but do no damage.
The iguana hisses menacingly.
The iguana barely misses you.
You hit the iguana but do no damage. The iguana barely misses you.
You hit the iguana but do no damage.
The iguana hisses menacingly.
The iguana barely misses you.
You barely miss the iguana. The iguana bites you!
You take 8 damage, and have 26/42 hp.
You hit the iguana but do no damage. The iguana barely misses you.
You hit the iguana.
The iguana is lightly wounded.
The iguana bites you but does no damage.
You barely miss the iguana.
The iguana is lightly wounded.
You hit the iguana but do no damage.
The iguana is lightly wounded.
The iguana barely misses you.
You hit the iguana but do no damage.
The iguana is lightly wounded.
The iguana bites you.
You take 1 damage, and have 26/42 hp.
You barely miss the iguana.
The iguana is lightly wounded.
The iguana bites you!
You take 10 damage, and have 16/42 hp.
MASSIVE DAMAGE!!
You closely miss the iguana.
The iguana is lightly wounded.
The iguana bites you but does no damage.
You barely miss the iguana.
The iguana is lightly wounded.
The iguana bites you!
* * * LOW HITPOINT WARNING * * *
You completely miss the iguana.
The iguana is lightly wounded.
The iguana bites you!
You die...

###.###
#.....#
#..... #
#....# .#
#....# ..#
#....#...#
#./...#
#@l).$#
#.....#
######.# #


You could see an iguana.

Vanquished Creatures
  A hound (D:3)
  An iguana (D:3)
  2 adders
  A shadow imp (D:4)
  2 dart slugs (D:3)
  3 orcs (D:3)
  6 bats
  8 endoplasms
  A giant cockroach (D:2)
  5 goblins
  5 hobgoblins
  5 kobolds
  3 quokkas
  5 ball pythons
  3 frilled lizards
  5 rats
56 creatures vanquished.

Notes
Turn   | Place    | Note
-------+----------+-------------------------------------------
     0 | D:1      | jasper the Mummy Fighter began the quest for the Orb.
     0 | D:1      | Reached XP level 1. HP: 18/18 MP: 1/1
   406 | D:1      | Reached XP level 2. HP: 20/24 MP: 2/2
  1059 | D:2      | Reached XP level 3. HP: 20/29 MP: 3/3
  1199 | D:2      | Found a faded altar of an unknown god.
  1729 | D:3      | Found a shimmering altar of Xom.
  1841 | D:3      | Reached XP level 4. HP: 3/36 MP: 4/4
  2013 | D:3      | Found a shadowy altar of Dithmenos.
  2049 | D:3      | Found a burning altar of Makhleb.
  2058 | D:3      | Became a worshipper of Makhleb the Destroyer
  2089 | D:3      | Found a runed translucent door.
  2145 | D:3      | Noticed Bediveer's ghost (weakling MDFi)
  2465 | D:4      | Reached XP level 5. HP: 33/42 MP: 5/5
  2477 | D:4      | Slain by an iguana

Illustrated notes

Levels and vault maps discovered:
D:1:      erik_arrival_orb_chamber, layout_basic
D:2:      layout_basic, shapermc_ecumenical_altar_totnotflames
D:3:      layout_rooms, xom_teletrap_fun, old_standard_altar,
          mainiacjoe_overflow_catch_the_wave, ebering_ghost_reflecting_pool
D:4:      nicolae_cairo_tiling, layout_rooms, minmay_temple_entry_purple_smoke,
          uniq_duvessa, uniq_edmund

Skill      XL: |  1  2  3  4 |
---------------+-------------+-----
Unarmed Combat | 2 3 |  3.2
Armour         | 3 |  3.1
Fighting       | |  3.8
Shields        | |  2.4

Action                     |  1- 3 |  4- 6 || total
---------------------------+-------+-------++-------
  Melee: Unarmed           |   159 |   100 ||   259
    Use: Scroll            |     1 |     2 ||     3
 Armour: Scale mail        |    89 |    62 ||   151
  Dodge: Dodged            |    45 |    35 ||    80
  Block: Buckler           |    18 |    15 ||    33

Table legend: (Time is in decaauts)
 A = Elapsed time spent in this place.
 B = Non-inter-level travel time spent in this place.
 C = Inter-level travel time spent in this place.
 D = Time resting spent in this place.
 E = Time spent auto-exploring this place.
 F = Levels seen in this place.
 G = Mean time per level.
                   A        B        C        D        E       F      G
               +--------+--------+--------+--------+--------+-----+--------+
         Total |   2473 |   2375 |     98 |     58 |   1707 |   4 |  618.2 |
       Dungeon |   2473 |   2375 |     98 |     58 |   1707 |   4 |  618.2 |
               +--------+--------+--------+--------+--------+-----+--------+

Top non-repeatable levels by time:
     D:1: 957 daAuts
     D:2: 766 daAuts
     D:3: 718 daAuts
     D:4: 31 daAuts
